[Event "Live Chess"]
[Site "Chess.com"]
[Date "2023.05.21"]
[Round "-"]
[White "smoggyrabbit"]
[Black "TheSmoulderingMaster"]
[Result "0-1"]
[WhiteElo "1677"]
[BlackElo "1644"]
[TimeControl "300"]
[EndTime "4:47:41 PDT"]
[Termination "TheSmoulderingMaster won on time"]

1. d4 Nf6 2. Nf3 d6 3. e3 g6 4. b3 Bg7 5. Bb2 O-O 6. Be2 c5 7. O-O Nc6 8. c4 Qb6 9. Nbd2 Bg4 10. h3 Bxf3 11. Nxf3 cxd4 12. exd4 e5 13. dxe5 dxe5 14. Bxe5 Rfe8 15. Bb2 Rad8 16. Qc2 Nb4 17. Qc3 Rxe2 18. Rad1 Rde8 19. a3 Nh5 20. Nd4 Rc2 21. Qxb4 Qxb4 22.
axb4 Rxb2 23. Nb5 Nf4 24. Rfe1 Rxe1+ 25. Rxe1 h5 26. Nd6 Rxb3 27. Nxb7 Rxb4 28. Nd6 Nd3 29.
Rd1 Nb2 30. Rc1 Bf8 31. c5 Nd3 32. c6 Bxd6 33. c7 Bxc7 34. Rxc7 a5 35. Rd7 Nc5 36.
Ra7 a4 37. Ra5 Rc4 38. Ra8+ Kg7 39. Kf1 Kf6 40. Ke2 Ke5 0-1

[Event "Live Chess"]
[Site "Chess.com"]
[Date "2023.05.21"]
[Round "-"]
[White "Reggie016"]
[Black "McSlash1"]
[Result "0-1"]
[WhiteElo "1101"]
[BlackElo "2003"]
[TimeControl "300"]
[EndTime "4:47:49 PDT"]
[Termination "McSlash1 won by resignation"]

1. e4 c5 2. c3 d5 3. exd5 Qxd5 4. d4 cxd4 5. cxd4 Nf6 6. Nc3 Qd8 7. Nf3 Bf5 8. Bb5+ Nbd7 9. O-O e6 10. Ne5 Be7 11. Bg5 O-O 12. Qf3 a6 13. Nxd7 Nxd7 14. Bxe7 Qxe7 15.
Bd3 Bg6 16. Rfe1 b5 17. Rad1 b4 18. Ne4 Nb6 19. Nc5 Nd5 20. Bc4 Rfd8 21. Bxd5 Rxd5 22.
Qxd5 Rd8 23. Qc4 Qg5 24. Nxa6 Bh5 25. Rc1 Bf3 26. g3 Qg4 27. d5 Qh3 28. Qf1 Qh6 29. h4 Bxd5 30. Nxb4 Bf3 31. Nc6 Rf8 32. Ne7+ Kh8 33.
Rc8 Rxc8 34. Nxc8 Qd2 35. Rd1 Bxd1 36. Ne7 h6 37. a4 Be2 38. Qg2 Qd1+ 39. Kh2 Bf3 40.
Qg1 Qe2 41. a5 Qxb2 42. Qd1 0-1

[Event "Live Chess"]
[Site "Chess.com"]
[Date "2023.05.21"]
[Round "-"]
[White "Doge_Dandolo"]
[Black "KeithArkell"]
[Result "0-1"]
[WhiteElo "1888"]
[BlackElo "2488"]
[TimeControl "300"]
[EndTime "4:47:49 PDT"]
[Termination "KeithArkell won by resignation"]

1. Nf3 Nf6 2. c4 c5 3. b3 Nc6 4. Bb2 e6 5. g3 b6 6. Bg2 Bb7 7. O-O Be7 8. d4 Nxd4 9. Nxd4 Bxg2 10. Nxe6 dxe6 11. Kxg2 Qxd1 12. Rxd1 O-O 13. Nc3 Rfd8 14. e3 Ne8 15. Ne4 Nf6 16. Nxf6+ Bxf6 17. Bxf6 gxf6 18. Kf3 Kf8 19. Ke4 Ke7 20. f4 f5+ 21.
Kf3 h5 22. e4 fxe4+ 23. Kxe4 Rxd1 24. Rxd1 Rg8 25. Rd3 h4 26. Ke5 hxg3 27. Rxg3 Rh8 28.
h3 Rh5+ 29. Ke4 Kf6 30. Kf3 Rh8 31. Ke4 Rd8 32. h4 Rd2 33. Rh3 Re2+ 34. Kd3 Rxa2 35. h5 Kg7 36. h6+ Kh7 37. Ke4 f6 38. Kd3 Rb2 39.
Kc3 Rf2 40. Rh4 Rf3+ 41. Kc2 Rg3 42. Kb2 Rg6 43. Kc3 Rxh6 44. Rg4 Rg6 45. Rh4+ Kg7 46. b4 Rg3+ 47. Kb2 cxb4 0-1

[Event "Live Chess"]
[Site "Chess.com"]
[Date "2023.05.21"]
[Round "-"]
[White "Brooms1989"]
[Black "ViktorTheCoolBoy"]
[Result "0-1"]
[WhiteElo "1137"]
[BlackElo "2477"]
[TimeControl "300"]
[EndTime "4:47:52 PDT"]
[Termination "ViktorTheCoolBoy won by resignation"]

1. e4 c5 2. Nc3 Nc6 3. f4 g6 4.
Nf3 Bg7 5. Bb5 Nd4 6. Nxd4 cxd4 7. Ne2 e6 8. O-O Qb6 9. Ba4 d3+ 10. Kh1 dxe2 11.
Qxe2 Ne7 12. d3 O-O 13. Bb3 a5 14. Be3 Qc7 15. c3 a4 16. Bc2 a3 17. d4 axb2 18. Rab1 Qxc3 19. Bd2 Qxc2 0-1

[Event "Live Chess"]
[Site "Chess.com"]
[Date "2023.05.21"]
[Round "-"]
[White "GEMdzq"]
[Black "Berdgross"]
[Result "1-0"]
[WhiteElo "2289"]
[BlackElo "667"]
[TimeControl "300"]
[EndTime "4:47:55 PDT"]
[Termination "GEMdzq won by resignation"]

1. e4 d5 2. exd5 Qxd5 3. Nc3 Qd8 4. d4 Nc6 5. Nf3 Bg4 6. Bb5 a6 7. Ba4 b5 8. Bb3 b4 9. Nd5 Nxd4 10. Qxd4 Bxf3 11.
gxf3 e6 12. Ba4+ c6 13. Bxc6+ 1-0

[Event "Live Chess"]
[Site "Chess.com"]
[Date "2023.05.21"]
[Round "-"]
[White "Ian-Morley"]
[Black "peter-785"]
[Result "1-0"]
[WhiteElo "1056"]
[BlackElo "1171"]
[TimeControl "300"]
[EndTime "4:47:57 PDT"]
[Termination "Ian-Morley won on time"]

1. e4 c5 2. Nf3 d6 3. Bb5+ Nd7 4.
Bxd7+ Bxd7 5. O-O e6 6. Re1 Nf6 7. c3 Be7 8. d4 cxd4 9. cxd4 O-O 10. Nc3 a6 11. e5 dxe5 12. dxe5 Ne8 13. Re3 Qc7 14. Rd3 Bc6 15. Nd4 Rd8 16. Nxc6 Rxd3 17. Nxe7+ Qxe7 18. Qxd3 b5 19. Qg3 f5 20. Bh6 Nc7 21.
Ne2 Re8 22. Nf4 g6 23. Nh5 Kf7 24. Nf6 Rd8 25. Bg5 Qb4 26. Nxh7 Qxb2 27. Rf1 Rh8 28. Nf6 Qxa2 29. h4 Nd5 30. Nxd5 Qxd5 31. Bf6 Rh5 32. Ra1 Qc6 33. Qa3 b4 34. Qxb4 Qc7 35. Rxa6 Qc1+ 36.
Kh2 Rxh4+ 37. Qxh4 1-0

[Event "Live Chess"]
[Site "Chess.com"]
[Date "2023.05.21"]
[Round "-"]
[White "JanMur7"]
[Black "gmnorfolk"]
[Result "0-1"]
[WhiteElo "1975"]
[BlackElo "2126"]
[TimeControl "300"]
[EndTime "4:48:02 PDT"]
[Termination "gmnorfolk won by resignation"]

1. e4 c5 2. Nf3 d6 3. c3 Nf6 4.
Be2 Nbd7 5. d3 g6 6. O-O Bg7 7. Nbd2 O-O 8. Re1 b6 9. Nf1 Bb7 10. Be3 Rc8 11. Ng3 e5 12. Bf1 a6 13. d4 cxd4 14.
cxd4 exd4 15. Bxd4 Re8 16. e5 dxe5 17. Nxe5 Nxe5 18.
Bxe5 Qxd1 19. Raxd1 Nd5 20. Bxg7 Kxg7 21. Rxe8 Rxe8 22. h3 Nf4 23. Rd7 Rb8 24. Bc4 Nxg2 25.
Rxf7+ Kh6 26. Rxb7 Rxb7 27. Kxg2 b5 28. Bd5 Rd7 29. Be6 Rd2 30. Bc8 a5 31. a4 bxa4 32.
Ne4 Rxb2 33. Bd7 a3 34. Nc3 Rc2 0-1

[Event "Live Chess"]
[Site "Chess.com"]
[Date "2023.05.21"]
[Round "-"]
[White "CeladonFish"]
[Black "raminguy"]
[Result "0-1"]
[WhiteElo "1096"]
[BlackElo "1952"]
[TimeControl "300"]
[EndTime "4:48:07 PDT"]
[Termination "raminguy won by checkmate"]

1. d4 d5 2. c4 e6 3. Nc3 a6 4.
Bf4 dxc4 5. e3 b5 6. a4 b4 7. Na2 Bb7 8. Nf3 Bd5 9. Nd2 h5 10. Bxc4 g5 11. Be5 f6 12. Bxd5 exd5 13. Bxc7 Qxc7 14.
Rc1 Qd6 15. Rc5 a5 16. Qc1 Nd7 17. Rc8+ Rxc8 18. Qxc8+ Kf7 19. e4 dxe4 20. Nxe4 Qe7 21. Qc4+ Kg7 22. f3 f5 23. d5 fxe4 24. Qd4+ Ndf6 25.
fxe4 Qxe4+ 26. Qxe4 Nxe4 27. Ke2 Ngf6 28. Rd1 Bd6 29. b3 Rc8 30. Kf3 Rc2 31. Nc1 Rf2+ 32. Ke3 Rxg2 33. Ne2 Rxe2+ 34. Kxe2 Nc3+ 35. Kd2 Nxd1 36. Kxd1 Nxd5 37. Ke2 Nc3+ 38. Kd3 Nxa4 39. bxa4 Bxh2 40.
Ke4 g4 41. Kf5 g3 42. Kg5 g2 43. Kh4 g1=Q 44. Kh3 Qg3# 0-1

[Event "Live Chess"]
[Site "Chess.com"]
[Date "2023.05.21"]
[Round "-"]
[White "Dhaydon19"]
[Black "Duke_of_Bebington"]
[Result "1-0"]
[WhiteElo "2701"]
[BlackElo "1577"]
[TimeControl "300"]
[EndTime "4:48:16 PDT"]
[Termination "Dhaydon19 won by resignation"]

1. d4 d5 2. Nf3 Nf6 3. g3 Bf5 4. Bg2 c6 5. O-O e6 6. Nbd2 Bd6 7. b3 Nbd7 8. Bb2 O-O 9. Re1 Re8 10. Nh4 Bg6 11.
Nxg6 hxg6 12. e4 dxe4 13. Nxe4 Nxe4 14. Rxe4 Nf6 15. Re2 Qb6 16. c4 c5 17. Rd2 Rad8 18. Rc1 Qc7 19. Qf3 b6 20. Rcd1 e5 21. dxe5 Bxe5 22.
Rxd8 Rxd8 23. Rxd8+ Qxd8 24. Bxe5 1-0

[Event "Live Chess"]
[Site "Chess.com"]
[Date "2023.05.21"]
[Round "-"]
[White "1600x"]
[Black "f4nomore"]
[Result "1-0"]
[WhiteElo "1870"]
[BlackElo "1384"]
[TimeControl "300"]
[EndTime "4:48:19 PDT"]
[Termination "1600x won on time"]

1. e4 g6 2. Nf3 Bg7 3. Be2 d6 4. O-O a6 5. d4 Nd7 6. Nc3 c5 7. Qd3 cxd4 8. Nd5 Ngf6 9. Qxd4 O-O 10. Qd3 Nxd5 11. exd5 Nf6 12. Qb3 b5 13. a4 Bb7 14. c4 Rb8 15. axb5 axb5 16. Bg5 bxc4 17. Qc2 Bxd5 18. Qd2 Be6 19. Bxf6 Bxf6 20. Rfb1 d5 21. Nd4 Bd7 22. Nc2 e6 23. Bf1 Qc8 24. Ne3 c3 25.
bxc3 Rxb1 26. Rxb1 Qxc3 27. Qxc3 Bxc3 28. Rb7 Bc6 29. Rc7 Be8 30. Rxc3 d4 31. Ra3 dxe3 32.
fxe3 Bc6 33. Rc3 Bd5 34. Rc5 Ra8 35. Rc2 Ra1 36. Kf2 Be4 37. Rd2 Kg7 38. Be2 h5 39. h3 Ra5 40. g4 h4 41. Rd4 Bb1 42. Rb4 Ba2 43. g5 Rxg5 44. Rxh4 Rf5+ 45. Bf3 Bb3 46.
Rb4 Bd1 47. Rf4 Bxf3 48. Kxf3 Rh5 49. Kg3 g5 50. Re4 Kg6 51. Ra4 f6 52. Ra6 e5 53.
e4 Rh4 54. Ra4 Rf4 55. Kg2 Kh5 56. Ra6 Kh4 57. Ra8 Kh5 58. Ra6 1-0

[Event "Live Chess"]
[Site "Chess.com"]
[Date "2023.05.21"]
[Round "-"]
[White "domrobson"]
[Black "JoeyCage"]
[Result "0-1"]
[WhiteElo "1715"]
[BlackElo "2294"]
[TimeControl "300"]
[EndTime "4:48:24 PDT"]
[Termination "JoeyCage won by resignation"]

1. d4 g6 2. c4 Bg7 3. Nc3 d6 4. e4 Nc6 5. Be2 Nxd4 6. Be3 c5 7. Nf3 e5 8. O-O Ne7 9. b4 O-O 10. bxc5 dxc5 11. Rc1 Bd7 12. Nd5 Nxd5 13. cxd5 b6 14. Bc4 Bg4 15. h3 Nxf3+ 16. gxf3 Bxh3 17. Kh2 0-1

[Event "Live Chess"]
[Site "Chess.com"]
[Date "2023.05.21"]
[Round "-"]
[White "ameetghasi100"]
[Black "mattihelenius2"]
[Result "1-0"]
[WhiteElo "2597"]
[BlackElo "492"]
[TimeControl "300"]
[EndTime "4:48:32 PDT"]
[Termination "ameetghasi100 won by checkmate"]

1. d4 d5 2. Nf3 Nf6 3. Nc3 Nc6 4. Bg5 e6 5. e4 Be7 6. Bxf6 Bxf6 7. e5 Be7 8. Bd3 O-O 9. h4 Bd7 10. Bxh7+ Kh8 11.
Bd3 Nb4 12. Ng5 Nxd3+ 13. Qxd3 Bxg5 14. hxg5+ Kg8 15. Qh7# 1-0

[Event "Live Chess"]
[Site "Chess.com"]
[Date "2023.05.21"]
[Round "-"]
[White "Long1968"]
[Black "AbilifyXL"]
[Result "0-1"]
[WhiteElo "959"]
[BlackElo "1954"]
[TimeControl "300"]
[EndTime "4:48:34 PDT"]
[Termination "AbilifyXL won on time"]

1. e4 d5 2. exd5 Qxd5 3. Nc3 Qa5 4. d4 c6 5. Bd2 Qb6 6. Nf3 Bg4 7. Be3 Qxb2 8. Na4 Qb4+ 9. c3 Qa5 10. Be2 e6 11.
Bd2 Qc7 12. O-O Nf6 13. h3 Bh5 14. g4 Bg6 15. Ne5 Nbd7 16. Bf4 Bd6 17. Nxd7 Nxd7 18. Bxd6 Qxd6 19. c4 O-O 20. c5 Qc7 21. Qb3 Rfd8 22.
Rab1 Bxb1 23. Rxb1 Rab8 24. Bd3 g6 25. Qc2 b6 26.
cxb6 axb6 27. Be4 c5 0-1

[Event "Live Chess"]
[Site "Chess.com"]
[Date "2023.05.21"]
[Round "-"]
[White "Ferrarifan27"]
[Black "ProfPoisson"]
[Result "1-0"]
[WhiteElo "2078"]
[BlackElo "1215"]
[TimeControl "300"]
[EndTime "4:49:12 PDT"]
[Termination "Ferrarifan27 won by resignation"]

1. e4 e5 2. Nf3 Nf6 3. Nxe5 Nxe4 4. Qe2 Qe7 5. Qxe4 d6 6. d4 dxe5 7. Qxe5 Qxe5+ 8. dxe5 Nc6 9. Bb5 Bd7 10. Bxc6 Bxc6 11. O-O O-O-O 12. Nc3 Be7 13. Be3 f6 14. exf6 gxf6 15.
Rad1 Rhg8 16. g3 h5 17. Rxd8+ Kxd8 18. Rd1+ Kc8 19. Nd5 Bxd5 20. Rxd5 h4 21. Kf1 hxg3 22. hxg3 c6 23. Ra5 a6 24. Rh5 Kd7 25. Rh7 Ke6 26. Ke2 b5 27. Rh4 f5 28. Rh6+ Kd5 29. Rh7 Bc5 30.
Bxc5 Kxc5 31. Rh5 Rf8 32. g4 Re8+ 33. Kf3 Kd5 34. Rxf5+ Ke6 35. Rf4 c5 36. g5 c4 37.
Rf6+ Kd5 38. Rxa6 Rf8+ 39. Rf6 Rg8 40. Kf4 Kd4 41. g6 b4 42. Kf5 b3 43. axb3 cxb3 44. cxb3 Kc5 45. f4 Kb4 46. Rb6+ Kc5 47. Rb7 Kc6 48. Rf7 Kd6 49. g7 Rb8 50. Rf8 Rb5+ 51.
Kf6 Kd7 52. g8=Q Rb6+ 53. Kf7 Rf6+ 54. Kxf6 1-0

[Event "Live Chess"]
[Site "Chess.com"]
[Date "2023.05.21"]
[Round "-"]
[White "MarkLim1"]
[Black "JoRoSaR"]
[Result "1-0"]
[WhiteElo "1686"]
[BlackElo "1686"]
[TimeControl "300"]
[EndTime "4:49:14 PDT"]
[Termination "MarkLim1 won by checkmate"]

1. d4 e6 2. Nf3 f5 3. e3 Nf6 4. Be2 d6 5. O-O Be7 6. c4 O-O 7. Nc3 Qe8 8. b4 Nbd7 9. a4 Bd8 10. b5 e5 11. a5 e4 12. Ne1 c6 13. a6 bxa6 14.
bxc6 Nb6 15. d5 Qg6 16. Ba3 Be7 17. Nc2 Ne8 18. Nd4 Bf6 19. Rc1 Qf7 20. c5 dxc5 21.
Bxc5 Nxd5 22. Bxf8 Nxc3 23. Rxc3 Qxf8 24. Bc4+ Kh8 25. Qc2 Nd6 26. Be2 Rb8 27. Ra1 Nb5 28.
Nxb5 axb5 29. Rxa7 Bxc3 30. Qxc3 Qd6 31. Qxg7# 1-0

[Event "Live Chess"]
[Site "Chess.com"]
[Date "2023.05.21"]
[Round "-"]
[White "TheAuditer"]
[Black "LL220284LL"]
[Result "0-1"]
[WhiteElo "1398"]
[BlackElo "2326"]
[TimeControl "300"]
[EndTime "4:49:24 PDT"]
[Termination "LL220284LL won by resignation"]

1. d4 Nf6 2. c4 e6 3. Nc3 Bb4 4.
Nf3 b6 5. Qc2 Bb7 6. g3 d5 7. cxd5 Nxd5 8. Bg2 O-O 9. O-O Nxc3 10.
bxc3 Be7 11. a4 a5 12. Ba3 Nd7 13. Bxe7 Qxe7 14. Rfe1 e5 15. e3 Rad8 16. Rad1 Rfe8 17. Nxe5 Bxg2 18. Nxd7 Be4 0-1

[Event "Live Chess"]
[Site "Chess.com"]
[Date "2023.05.21"]
[Round "-"]
[White "LiamBellwood"]
[Black "friarnator"]
[Result "0-1"]
[WhiteElo "1900"]
[BlackElo "2007"]
[TimeControl "300"]
[EndTime "4:49:29 PDT"]
[Termination "friarnator won by checkmate"]

1. d4 Nf6 2. Nc3 e6 3. Bf4 d5 4. Nb5 Na6 5. a3 c6 6. Nc3 Qb6 7. Rb1 Be7 8. Nf3 O-O 9. e3 c5 10. Be2 c4 11. O-O Bd7 12. Ne5 Rac8 13. e4 Rfd8 14.
exd5 exd5 15. Bf3 Be6 16. Re1 Nc7 17. Ne2 Nb5 18. c3 Nd6 19. Ng3 Nf5 20. Qd2 Nxg3 21. Bxg3 Bd6 22. Bh4 Be7 23. Qf4 Qc7 24. Bg3 Ne8 25. Qe3 Bf6 26. Ng6 Nd6 27. Nf4 Re8 28. Nxe6 Rxe6 29. Qd2 Qc6 30. Rxe6 fxe6 31. Bg4 Ne4 32.
Qe2 Re8 33. f3 Nxg3 34. hxg3 e5 35. Re1 Kf7 36. Qc2 exd4 37. Rxe8 d3 38. Rf8+ Kxf8 39. Qd2 Be7 40. f4 Bc5+ 41. Kf1 Qh6 42. Bh3 Qg6 43. g4 Qe4 44. g5 Be3 45. Qd1 d2 46. Bg4 Qxf4+ 47.
Bf3 Qg3 48. Qe2 d1=Q+ 49. Qxd1 Qf2# 0-1

[Event "Live Chess"]
[Site "Chess.com"]
[Date "2023.05.21"]
[Round "-"]
[White "SupremeTactician"]
[Black "EdenHazard8"]
[Result "1-0"]
[WhiteElo "2241"]
[BlackElo "1931"]
[TimeControl "300"]
[EndTime "4:49:38 PDT"]
[Termination "SupremeTactician won by checkmate"]

1. e4 c5 2. Nf3 Nc6 3. d4 cxd4 4. Nxd4 Nf6 5. Nc3 d6 6. Nxc6 bxc6 7. Be3 g6 8. Be2 Bg7 9. O-O O-O 10. f3 Rb8 11.
Rb1 Qa5 12. a3 c5 13. Bc4 Ba6 14. Bxa6 Qxa6 15. Qd3 Qc6 16. Nd5 Nxd5 17. exd5 Qa4 18. c3 Rb3 19. Bg5 f6 20. Bd2 Rfb8 21. Qe3 Bf8 22.
Qe6+ Kg7 23. h4 Rxb2 24. Rxb2 Rxb2 25. Be3 Qxh4 26. Qd7 Qg3 27. Bf2 Qe5 28. Rd1 Qxc3 29. Re1 Qc2 30. Rxe7+ Bxe7 31. Qxe7+ Kh6 32. Be3+ g5 33. Qxf6+ Qg6 34. Bxg5+ Kh5 35. g4# 1-0

[Event "Live Chess"]
[Site "Chess.com"]
[Date "2023.05.21"]
[Round "-"]
[White "yeetpizza74"]
[Black "tpm07"]
[Result "0-1"]
[WhiteElo "498"]
[BlackElo "1927"]
[TimeControl "300"]
[EndTime "4:49:43 PDT"]
[Termination "tpm07 won by checkmate"]

1. e4 e5 2. Nf3 Nc6 3. Bc4 Nf6 4.
Ng5 d5 5. exd5 Na5 6. Bb3 Nxb3 7. cxb3 Nxd5 8. Nc3 Nf4 9. b4 Qxg5 10. d3 Qxg2 11. Rf1 Bf5 12. Bxf4 exf4 13. Ne4 Bxb4+ 14. Nc3 O-O 15.
a3 Bxc3+ 16. bxc3 Bh3 17. Qe2 Rfe8 18. Qxe8+ Rxe8+ 19. Kd2 Qf3 20. Rae1 Rxe1 21. Rxe1 g6 22. d4 Qxf2+ 23. Re2 Qf1 24. Re1 Qc4 25. Re4 f3 26.
Re3 f2 27. Rxh3 f1=Q 28. Rd3 Qfxd3+ 29. Kc1 Qcxc3# 0-1

[Event "Live Chess"]
[Site "Chess.com"]
[Date "2023.05.21"]
[Round "-"]
[White "chrisbradgate"]
[Black "Mikhail_Golubev"]
[Result "0-1"]
[WhiteElo "865"]
[BlackElo "2448"]
[TimeControl "300"]
[EndTime "4:50:01 PDT"]
[Termination "Mikhail_Golubev won by checkmate"]

1. d4 Na6 2. Bf4 c6 3. e3 g5 4. Bg3 h5 5. h4 g4 6. Bh2 e6 7.
f3 Qxh4+ 8. g3 Qg5 9. f4 Qd5 10. c4 Qxh1 11. Qe2 h4 12. Qg2 Qxg2 13. Bxg2 h3 14.
Be4 Nf6 15. Nc3 d5 16. Bd3 Nb4 17. Kd2 Nxd3 18. Kxd3 b6 19. b3 Ba6 20. Re1 O-O-O 21. Rb1 Bb4 22. Nge2 dxc4+ 23. bxc4 Bxc3 24. Kxc3 Ne4+ 25.
Kd3 Bxc4+ 26. Kxe4 Rd5 27. Nc3 f5# 0-1

[Event "Live Chess"]
[Site "Chess.com"]
[Date "2023.05.21"]
[Round "-"]
[White "Chesscoach_Golichenko"]
[Black "GwaryTek"]
[Result "1-0"]
[WhiteElo "2612"]
[BlackElo "2064"]
[TimeControl "300"]
[EndTime "4:50:05 PDT"]
[Termination "Chesscoach_Golichenko won on time"]

1. d4 Nf6 2. c4 d6 3. Nc3 Nbd7 4.
e4 e5 5. d5 Nc5 6. Be3 b6 7.
f3 Be7 8. b4 Ncd7 9. Bd3 Nh5 10. Nge2 Bg5 11. Qd2 h6 12. O-O Bxe3+ 13. Qxe3 a6 14.
a4 Qg5 15. Kf2 Qxe3+ 16. Kxe3 Ke7 17. a5 g6 18. g3 Rf8 19. axb6 cxb6 20. Ra3 f5 21.
Rfa1 f4+ 22. Kf2 fxg3+ 23. hxg3 Bb7 24. Ke3 Rf7 25. Na4 Raf8 26. Rf1 Nhf6 27. Rh1 h5 28. Rc3 Nh7 29. f4 exf4+ 30. gxf4 g5 31. f5 Nhf6 32. c5 dxc5 33. bxc5 bxc5 34. Nxc5 Nxc5 35. Rxc5 Kd6 36. Kd4 Nd7 37. Rhc1 Nxc5 38. e5+ Ke7 39. f6+ 1-0

[Event "Live Chess"]
[Site "Chess.com"]
[Date "2023.05.21"]
[Round "-"]
[White "Conradical12"]
[Black "Shepherds_Pie"]
[Result "0-1"]
[WhiteElo "1571"]
[BlackElo "1952"]
[TimeControl "300"]
[EndTime "4:50:06 PDT"]
[Termination "Shepherds_Pie won on time"]

1. e4 e6 2. d4 d5 3. exd5 exd5 4. Nf3 Nc6 5. Bb5 Bd6 6. O-O Ne7 7. Nc3 O-O 8. Bd3 Bf5 9. Re1 Qd7 10. Nb5 Bxd3 11. Qxd3 a6 12. Nxd6 Qxd6 13. g3 Ng6 14.
Bg5 h6 15. Be3 Rfe8 16. Qb3 b6 17. c3 Re6 18. a4 Rae8 19. Rad1 Na5 20. Qc2 Nc4 21. b3 Nxe3 22. fxe3 Rxe3 23. Rxe3 Rxe3 24. Qf2 Rxc3 25. Rf1 f6 26. Qe2 Qe7 27. Qd2 Re3 28. Qc2 Nf8 29. Nh4 Re2 30. Qc6 Qe4 31. Qxc7 g5 32.
Nf3 Qe3+ 33. Kh1 Rf2 34. Rxf2 Qxf2 35. Ng1 Qe3 36. Kg2 Ng6 37. Qd8+ Kg7 38. Qxb6 Qe4+ 39. Kf1 Ne7 40. Qxa6 Nf5 41. Qe2 Ne3+ 42. Kf2 Ng4+ 43.
Ke1 Qb1+ 44. Kd2 Qb2+ 45. Kd3 Qxb3+ 46. Kd2 Qa2+ 47. Kc3 Qa3+ 48. Kc2 Qxa4+ 49. Kb2 Qb4+ 50. Ka2 h5 51. Nf3 Nh6 52. h3 Nf7 53. h4 g4 54. Nd2 Qxd4 55. Qe7 Qe5 56. Qd7 d4 57.
Nb3 Qe2+ 58. Ka3 d3 59. Nd4 Qe5 60. Nf5+ Kg6 61. Ne7+ Kh7 62. Nf5 Qa5+ 63. Kb3 Qb6+ 64. Kc3 Qc5+ 65. Kxd3 Kg6 66. Ne7+ Qxe7 67. Qxe7 Kg7 0-1

[Event "Live Chess"]
[Site "Chess.com"]
[Date "2023.05.21"]
[Round "-"]
[White "chessfiction"]
[Black "DoYouLikeCurry"]
[Result "1-0"]
[WhiteElo "2308"]
[BlackElo "1432"]
[TimeControl "300"]
[EndTime "4:50:19 PDT"]
[Termination "chessfiction won by resignation"]

1. e4 c6 2. d4 d5 3. Nc3 dxe4 4.
f3 exf3 5. Nxf3 Nf6 6. Bc4 g6 7. Ne5 Bg7 8. O-O O-O 9. Kh1 Nbd7 10. Bg5 Nxe5 11. dxe5 Nd7 12. e6 fxe6 13. Bxe6+ Kh8 14.
Rxf8+ Bxf8 15. Qd3 Bg7 16. Rd1 c5 17. Bxd7 Bxd7 18.
Qxd7 Bd4 19. Qxd8+ Rxd8 20. Bxe7 Re8 21. Bh4 a6 22. Nd5 b5 23. c3 Bg7 24. Bf6 Bxf6 25.
Nxf6 Rf8 26. Ne4 Kg7 27. Kg1 Kh6 28. Nxc5 1-0

[Event "Live Chess"]
[Site "Chess.com"]
[Date "2023.05.21"]
[Round "-"]
[White "AbilifyXL"]
[Black "ossie57"]
[Result "1-0"]
[WhiteElo "1961"]
[BlackElo "1900"]
[TimeControl "300"]
[EndTime "4:50:23 PDT"]
[Termination "AbilifyXL won by resignation"]

1. d4 Nf6 2. c4 g6 3. Nc3 Bg7 4. e4 d6 5. Be2 O-O 6. Bg5 e5 7. dxe5 dxe5 8. Qxd8 Rxd8 9. Bxf6 Bxf6 10. Nd5 Rxd5 11.
cxd5 c6 12. Bc4 cxd5 13. Bxd5 Nc6 14. Nf3 Nb4 15. O-O Nxd5 16. exd5 e4 17. Nd2 Bxb2 18.
Rab1 e3 19. Rxb2 exd2 20. Rxd2 Bd7 21. Re1 1-0

[Event "Live Chess"]
[Site "Chess.com"]
[Date "2023.05.21"]
[Round "-"]
[White "Dhaydon19"]
[Black "Ferrarifan27"]
[Result "1-0"]
[WhiteElo "2701"]
[BlackElo "2078"]
[TimeControl "300"]
[EndTime "4:50:27 PDT"]
[Termination "Dhaydon19 won by resignation"]

1. d4 Nf6 2. Nf3 e6 3. g3 d5 4.
Bg2 Be7 5. O-O O-O 6. c3 c6 7. Qc2 Nbd7 8. Nbd2 Re8 9. e4 dxe4 10. Nxe4 Nxe4 11. Qxe4 Nf6 12. Qe2 Bd7 13. Rd1 Rc8 14. Ne5 Qb6 15. Be3 Nd5 16. Nxd7 1-0

[Event "Live Chess"]
[Site "Chess.com"]
[Date "2023.05.21"]
[Round "-"]
[White "manthanit"]
[Black "seasidecastle27"]
[Result "1-0"]
[WhiteElo "1094"]
[BlackElo "1843"]
[TimeControl "300"]
[EndTime "4:50:37 PDT"]
[Termination "manthanit won by resignation"]

1. e3 d5 2. g3 e6 3. Bg2 c5 4. Ne2 Nc6 5. d4 Nf6 6. O-O Bd6 7. Nd2 O-O 8. c4 b6 9. b3 Bb7 10. Bb2 Rc8 11. Rc1 cxd4 12. Nxd4 Nxd4 13. Bxd4 Qd7 14. cxd5 Nxd5 15. Qg4 g6 16. Qh4 e5 17. Bb2 Nb4 18. Bxb7 Qxb7 19. Bxe5 Bxe5 20. Qxb4 Bb2 21. Rxc8 Rxc8 22.
Ne4 a5 23. Nd6 Qc6 24. Qf4 Rc7 25.
Nc4 Rd7 26. Nxb2 1-0

[Event "Live Chess"]
[Site "Chess.com"]
[Date "2023.05.21"]
[Round "-"]
[White "bedsdrout"]
[Black "Tushinskiy"]
[Result "0-1"]
[WhiteElo "566"]
[BlackElo "2212"]
[TimeControl "300"]
[EndTime "4:50:43 PDT"]
[Termination "Tushinskiy won by checkmate"]

1. e4 e6 2. Qh5 d5 3. Nf3 Nf6 4. Qh3 dxe4 5. Nd4 Qxd4 6. c3 Qd8 7.
Bb5+ c6 8. Ba4 Nbd7 9. O-O Bd6 10. d3 Nc5 11. Bd1 Nxd3 12. Bc2 e5 13. Qh4 Bf5 14. Bg5 Qe7 15. c4 O-O-O 16. Bb3 h6 17. Be3 g5 18. Qg3 Nh5 19. Bxg5 hxg5 20. Qe3 Bc5 21. Qd2 Nhf4 22.
Qa5 Bb6 23. Qa3 Qf6 24. c5 Bxc5 25. Be6+ fxe6 26. Nc3 Bxa3 27. Na4 Ne2+ 28. Kh1 Rxh2+ 29. Kxh2 Rh8# 0-1

[Event "Live Chess"]
[Site "Chess.com"]
[Date "2023.05.21"]
[Round "-"]
[White "Tilbs_12"]
[Black "WilliWeisswurst"]
[Result "0-1"]
[WhiteElo "1584"]
[BlackElo "1776"]
[TimeControl "300"]
[EndTime "4:50:52 PDT"]
[Termination "WilliWeisswurst won on time"]

1. e4 c5 2. c3 d6 3. d4 cxd4 4. cxd4 Nf6 5. Nc3 e6 6. Nf3 Be7 7. Bd3 a6 8. a3 O-O 9. O-O b5 10. b4 Bb7 11. Bb2 h6 12. Re1 Nbd7 13. Rc1 Rc8 14. Qd2 Nh7 15. d5 exd5 16. exd5 Nb6 17. Be4 Nc4 18. Qc2 Nf6 19. Rcd1 Nxe4 20. Rxe4 Nxb2 21.
Qxb2 Bf6 22. Re3 Rc7 23. Qb3 Re8 24. Ne4 Be5 25. Nxe5 Rxe5 26. g3 Rc4 27. Qd3 Qe7 28. Nd2 Rc7 29. Rxe5 Qxe5 30. Nf3 Qb2 31. Rd2 Qc1+ 32.
Kg2 Qc4 33. Nh4 Re7 34. Nf5 Re5 35. Qxc4 bxc4 36. Ne3 c3 37. Rc2 Bxd5+ 38. Nxd5 Rxd5 39. Rxc3 f6 40. Kf3 Kf7 41. Ke4 Ke6 42. Rc8 Re5+ 43.
Kd3 Rb5 44. Ra8 Rb6 45. Kc4 Kd7 46. a4 Ke6 47. Re8+ Kf7 48. Rc8 Ke6 49. Rc7 g5 50. a5 Rb5 51. Rc6 Ke5 52. Rxa6 Rb8 53. Rc6 d5+ 54. Kc5 d4 55. Rd6 Rc8+ 56. Rc6 Rxc6+ 57.
Kxc6 d3 58. b5 d2 59. b6 d1=Q 60. b7 Qc2+ 61. Kb6 Qb3+ 62. Ka7 Qf7 63. Ka8 Qd5 64.
Ka7 Qf7 65. a6 Qd7 0-1

[Event "Live Chess"]
[Site "Chess.com"]
[Date "2023.05.21"]
[Round "-"]
[White "jbooth"]
[Black "srichess4u"]
[Result "1-0"]
[WhiteElo "1717"]
[BlackElo "652"]
[TimeControl "300"]
[EndTime "4:50:52 PDT"]
[Termination "jbooth won by checkmate"]

1. e4 e5 2. Bc4 Nf6 3. Nc3 Nc6 4. d3 Bb4 5. Ne2 O-O 6. O-O d6 7. f4 Bg4 8. Qe1 h6 9. f5 g6 10. h3 Bh5 11. Bxh6 Re8 12. Bg5 Nd4 13. Nxd4 exd4 14.
a3 Bxc3 15. bxc3 dxc3 16. fxg6 Bxg6 17. Bxf6 Qd7 18. Qh4 Bh7 19. Qg5+ Bg6 20. Qh6 Bh7 21. Qg7# 1-0

[Event "Live Chess"]
[Site "Chess.com"]
[Date "2023.05.21"]
[Round "-"]
[White "Chesscoach_Golichenko"]
[Black "Conradical12"]
[Result "1-0"]
[WhiteElo "2612"]
[BlackElo "1571"]
[TimeControl "300"]
[EndTime "4:50:56 PDT"]
[Termination "Chesscoach_Golichenko won by resignation"]

1. d4 h6 2. c4 h5 3. e4 h4 4. h3 a6 5. Nc3 a5 6. f4 a4 7. Nxa4 Ra5 8. b4 g6 9. bxa5 g5 10.
f5 f6 11. Be2 1-0